 Dungeon Crawl Stone Soup version 0.28.0-43-g3370ac3207 (webtiles) character file.

Game seed: 11439531681220073371

241 pkoi the Firebug (level 5, 0/36 (38) HPs)
             Began as a Draconian Fire Elementalist on Mar 1, 2022.
             Slain by a wight
             ... wielding a +4 long sword of freezing
              (1 damage)
             ... on level 4 of the Dungeon.
             The game lasted 00:05:14 (4518 turns).

pkoi the Firebug (Draconian Fire Elementalist)      Turns: 4518, Time: 00:05:14

HP:   0/36 (38)     AC:  6    Str: 10    XL:     5   Next: 80%
MP:   8/18          EV: 12    Int: 18    God:
Gold: 102           SH:  0    Dex: 11    Spells: 3/9 levels left

rFire   . . .      SeeInvis .   m - +2 rapier (venom)
rCold   . . .      Faith    .   (no shield)
rNeg    . . .      Spirit   .   (armour unavailable)
rPois   .          Reflect  .   (helmet restricted)
rElec   .          Harm     .   (no cloak)
rCorr   .          Rampage  .   (no gloves)
Will    .....                   l - +0 pair of boots
Stlth   ++........              (no amulet)
HPRegen 0.12/turn               k - ring of magical power
MPRegen 0.16/turn               (no ring)

@: slowed, drained, very slow
A: AC +5, unfitting armour, cold-blooded
a: no special abilities


You were on level 4 of the Dungeon.
You visited 1 branch of the dungeon, and saw 4 of its levels.

You collected 102 gold pieces.

Inventory:

Hand Weapons
 a - a +0 dagger
 m - a +2 rapier of venom (weapon)
Armour
 l - a +0 pair of boots (worn)
Jewellery
 k - a ring of magical power (left hand)
Scrolls
 c - 2 scrolls of noise {unknown}
 j - a scroll of identify
Potions
 b - a potion of flight {unknown}
 d - a potion of cancellation
 e - a potion of resistance
 f - a potion of degeneration
 g - 3 potions of curing {unknown}
 h - a potion of berserk rage {unknown}
 i - a potion of haste


   Skills:
 - Level 1.7 Dodging
 - Level 1.7 Stealth
 + Level 2.8 Spellcasting
 + Level 3.8 Conjurations
 + Level 4.8 Fire Magic


You had 3 spell levels left.
You knew the following spells:

 Your Spells              Type           Power      Damage    Failure   Level
a - Foxfire               Conj/Fire      72%        2x1d7     2%          1
b - Scorch                Fire           40%        2d7       3%          2
c - Conjure Flame         Conj/Fire      18%        6-21      9%          3

Your spell library contained the following spells:

 Spells                   Type           Power      Damage    Failure   Level
 Inner Flame              Hex/Fire       11%        N/A       19%         3
 Gell's Gravitas          Tloc           2%         N/A       45%         3
 Lesser Beckoning         Tloc           2%         N/A       45%         3
 Teleport Other           Tloc           2%         N/A       45%         3
 Flame Wave               Conj/Fire      18%        2d6       28%         4


Dungeon Overview and Level Annotations

Branches:
Dungeon (4/15)
 Temple: D:4-7

Altars:

Shops:
D:2 :


Innate Abilities, Weirdness & Mutations

Your plain brown scales are hard. (AC +5)
You cannot fit into any form of body armour.
You are cold-blooded and may be slowed by cold attacks.


Message History

The wight is heavily damaged.
You conjure some foxfire!
The foxfire hits the wight.
The wight is severely damaged.
The wight hits you with a +1 vorpal flail!
* * * LOW HITPOINT WARNING * * *
x2 The wight hits you with a +4 long sword of freezing.
* * * LOW HITPOINT WARNING * * *
You feel drained.
* * * LOW HITPOINT WARNING * * *
You feel yourself slow down. The wight freezes you.
* * * LOW HITPOINT WARNING * * *
You are too injured to fight recklessly!
You are too injured to fight recklessly!
Unknown command.
The foxfire hits the wight but does no damage.
The wight is severely damaged.
The foxfire hits the wight.
The wight is severely damaged.
You feel yourself speed up.
Casting: Foxfire (safe; 2% risk of failure)
Confirm with . or Enter, or press ? or * to list all spells.
Flames lash the wight.
The wight is almost destroyed.
The wight's fire resistance burns away.
The wight hits you with a +4 long sword of freezing!
* * * LOW HITPOINT WARNING * * *
The wight freezes you.
* * * LOW HITPOINT WARNING * * *
The wight is no longer more vulnerable to fire.
Casting: Scorch (safe; 3% risk of failure)
Confirm with . or Enter, or press ? or * to list all spells.
Flames lash the wight.
The wight is heavily damaged.
The wight's fire resistance burns away.
The wight hits you with a +4 long sword of freezing!
* * * LOW HITPOINT WARNING * * *
You feel drained.
* * * LOW HITPOINT WARNING * * *
You feel yourself slow down. The wight freezes you.
You die...

#.#................
#. #.............
###.####.#....#...z..
#........#.#.......z.
#......†..........(.<
#........).........##
#..............#...#.
#...zz.....#.#.......
#...@....###.####.#..
#........# # #.#..
###......# #.#..
##.....## .#..
###.....## ....
#.......# ....
#...>...# ..#.
#...<...# ###.
#.......# #.


You could see 2 wights.

Vanquished Creatures
  A wight (D:3)
  2 hounds
  An orc wizard (D:3)
  3 adders (D:3)
  An ufetubus (D:4)
  A worm (D:3)
  A dart slug (D:1)
  3 orcs (D:3)
  4 ball pythons
  4 bats
  9 endoplasms
  3 giant cockroaches
  6 goblins
  3 hobgoblins
  8 jackals
  6 kobolds
  3 quokkas
  2 frilled lizards (D:2)
  10 rats
71 creatures vanquished.

Vanquished Creatures (others)
  247 foxfires
247 creatures vanquished.

Grand Total: 318 creatures vanquished

Notes
Turn   | Place    | Note
-------+----------+-------------------------------------------
     0 | D:1      | pkoi the Draconian Fire Elementalist began the quest for
                  | the Orb.
     0 | D:1      | Reached XP level 1. HP: 14/14 MP: 3/3
   250 | D:1      | Reached XP level 2. HP: 13/20 MP: 0/5
   981 | D:1      | Found a faded altar of an unknown god.
  1524 | D:2      | Reached XP level 3. HP: 26/26 MP: 4/6
  1959 | D:2      | Reached skill level 4 in Fire Magic
  1959 | D:2      | Reached XP level 4. HP: 33/33 MP: 3/7
  2013 | D:2      | Found Haimiz's Book Emporium.
  2615 | D:3      | Learned a level 2 spell: Scorch
  2619 | D:3      | Learned a level 3 spell: Conjure Flame
  2848 | D:3      | Reached XP level 5. HP: 38/38 MP: 8/8
  4518 | D:4      | HP: 1/36 [wight/+4 long sword of freezing (1)]
  4518 | D:4      | Slain by a wight

Illustrated notes

Levels and vault maps discovered:
D:1:      lightli_arrival_farm, layout_basic, shapermc_ecumenical_altar_venn
D:2:      layout_rooms, serial_shops, nicolae_lakefront_shop, minmay_tromino_i2
D:3:      layout_basic, hex_tiny
D:4:      layout_rooms, minmay_temple_entry_tees

Skill      XL: |  1  2  3  4 |
---------------+-------------+-----
Conjurations   | 2 3 |  3.8
Fire Magic     | 4 |  4.8
Dodging        | |  1.7
Stealth        | |  1.7
Spellcasting   | |  2.8

Action                   |  1- 3 |  4- 6 || total
-------------------------+-------+-------++-------
Melee: Dagger            |    39 |    10 ||    49
       Tailslap          |     1 |     2 ||     3
       Unarmed           |     1 |       ||     1
       Punch             |     1 |       ||     1
 Cast: Foxfire           |    55 |    82 ||   137
       Scorch            |       |    14 ||    14
       Conjure Flame     |       |     4 ||     4
  Use: Scroll            |       |     5 ||     5
 Stab: Sleeping          |     1 |       ||     1
Armor: Skin              |    15 |     8 ||    23
Dodge: Dodged            |    34 |    14 ||    48
